 Dungeon Crawl Stone Soup version 0.24-a0-736-g4e6fe308c7 (webtiles) character file.

Game seed: 444658837874985898, levelgen mode: deterministic

36 Froggeryz the Skirmisher (level 3, -3/33 HPs)
             Began as a Minotaur Abyssal Knight on Oct 2, 2019.
             Was a Believer of Lugonu.
             Slain by a gnoll
             ... wielding a +0 flail
              (13 damage)
             ... on level 2 of the Dungeon.
             The game lasted 00:01:10 (534 turns).

Froggeryz the Skirmisher (Minotaur Abyssal Knight)   Turns: 534, Time: 00:01:11

Health: -3/33      AC:  3    Str: 16    XL:     3   Next: 19%
Magic:  3/3        EV: 11    Int:  9    God:    Lugonu [**....]
Gold:   32         SH:  0    Dex: 10    Spells: 2/2 levels left

rFire    . . .     SeeInvis .   a - +1 spear
rCold    . . .     Gourm    .   (no shield)
rNeg     . . .     Faith    .   b - +0 leather armour
rPois    .         Spirit   .   (helmet restricted)
rElec    .         Reflect  .   (no cloak)
rCorr    .         Harm     .   (no gloves)
MR       .....                  (no boots)
Stlth    +.........             (no amulet)
HPRegen  0.11/turn              (no ring)
MPRegen  0.08/turn              (no ring)

@: no status effects
A: retaliatory headbutt, horns 2
a: Depart the Abyss, Bend Space, Renounce Religion


You were on level 2 of the Dungeon.
You worshipped Lugonu.
Lugonu was pleased with you.
You were not hungry.

You visited 1 branch of the dungeon, and saw 2 of its levels.
You visited the Abyss 1 time.

You collected 32 gold pieces.

Inventory:

Hand Weapons
 a - a +1 spear (weapon)
Armour
 b - a +0 leather armour (worn)
Jewellery
 l - an uncursed ring of poison resistance {unknown}
Scrolls
 f - a scroll of remove curse {unknown}
 g - a scroll of amnesia {unknown}
 i - a scroll of enchant weapon {unknown}
 j - a scroll of identify {unknown}
 k - a scroll of blinking {unknown}
Potions
 d - a potion of degeneration {unknown}
 e - a potion of heal wounds {unknown}
 h - a potion of haste {unknown}
Comestibles
 c - 5 rations


   Skills:
 - Level 4.0 Fighting
 * Level 3.9 Polearms
 - Level 2.4 Armour
 + Level 1.5 Dodging
 - Level 1.7 Invocations


You had 2 spell levels left.
You didn't know any spells.
Your spell library was empty.

Dungeon Overview and Level Annotations

Branches:
Dungeon (2/15)

Altars:


Innate Abilities, Weirdness & Mutations

You reflexively headbutt those who attack you in melee.
You have a pair of horns on your head.


Message History

You hit the gnoll.
The gnoll is moderately wounded.
The gnoll hits you from afar with a +0 spear.
The gnoll hits you but does no damage.
You hit the gnoll.
The gnoll is heavily wounded.
The gnoll hits you with a +0 flail.
The gnoll hits you from afar with a +0 spear.
The gnoll barely misses you.
You are too injured to fight recklessly!
The gnoll hits you from afar with a +0 spear.
* * * LOW HITPOINT WARNING * * *
The gnoll barely misses you.
The gnoll throws a stone.
The stone hits you but does no damage.
You see here a stone.
The gnoll throws a stone.
The stone barely misses you.
You see here a stone.
There is a stone staircase leading up here.
The gnoll hits you with a +0 flail!
You die...

#. #. #..# #.##.##..#
#........ #.... ..#
#.##.##.## ###.##.....#
#....(.....# .
.#.###..>.#######..
#@gg.†.#..........
.≈.......#.g.(.....†....
.≈....####...[..........
.≈.............##.####..
.≈### #####....##.# . ≈
#..####.# #... ..# #.###
### #.#


You could see 3 gnolls.

Vanquished Creatures
  An ooze (D:1)
  2 dart slugs (D:1)
  2 giant cockroaches (D:1)
  5 hobgoblins
  3 kobolds (D:1)
  2 bats (D:1)
  2 frilled lizards
  4 goblins (D:1)
  4 rats (D:1)
25 creatures vanquished.

Notes
Turn   | Place    | Note
-------+----------+-------------------------------------------
     0 | Abyss:1  | Froggeryz the Minotaur Abyssal Knight began the quest for
                  | the Orb.
     0 | Abyss:1  | Reached XP level 1. HP: 19/19 MP: 1/1
    59 | Abyss:1  | Noticed a reaper
    72 | D:1      | Escaped the Abyss
   113 | D:1      | Reached XP level 2. HP: 24/27 MP: 2/2
   188 | D:1      | Reached skill level 4 in Fighting
   376 | D:1      | Reached ** piety under Lugonu
   376 | D:1      | Reached XP level 3. HP: 29/33 MP: 3/3
   534 | D:2      | Slain by a gnoll

Levels and vault maps discovered:
D:1:      eino_arrival_cavern_d, layout_rooms
D:2:      layout_loops_cross, nicolae_gozag_zags_fifth_avenue

Skill      XL: |  1  2 |
---------------+-------+-----
Polearms       | 3 |  3.9
Fighting       | 4 |  4.0
Armour         | |  2.4
Dodging        | |  1.5
Invocations    | |  1.7

Action                   || total
-------------------------++-------
Melee: Spear             ||    75
       Headbutt          ||     8
Armor: Leather armour    ||     7
Dodge: Dodged            ||    26

Table legend:
 A = Non-vault XP
 B = Vault XP
 C = Vault XP percentage of total XP
 D = Non-vault monster count
 E = Vault monster count
 F = Vault count percentage of total count
                 A         B        C        D         E       F
            +---------+---------+-------+---------+---------+-------
      Total |      52 |       0 |   0.0 |      25 |       0 |   0.0
            +---------+---------+-------+---------+---------+-------
        D:1 |      49 |       0 |   0.0 |      23 |       0 |   0.0
        D:2 |       3 |       0 |   0.0 |       2 |       0 |   0.0
            +---------+---------+-------+---------+---------+-------
